 Dungeon Sprint DCSS version 0.23-a0-344-ge122d05 (webtiles) character file.

24805 Fang the Warrior (level 13, -43/100 HPs)
             Began as a Gargoyle Berserker on Oct 18, 2018.
             Was the Champion of Trog.
             Killed from afar by an ancient lich (78 damage)
             ... with an iron shot
             ... in the Dungeon (Sprint VII: "The Pits") on Oct 19, 2018.
             The game lasted 00:09:23 (3951 turns).

Fang the Warrior (Gargoyle Berserker)               Turns: 3951, Time: 00:09:23

Health: -43/100    AC: 30    Str: 26    XL:     13   Next: 15%
Magic:  13/13      EV: 16    Int: 11    God:    Trog [******]
Gold:   10         SH:  0    Dex:  9    Spells: 12/12 levels left

rFire    . . .     SeeInvis .   v - +5 hand axe "Tarchokukk" {elec, rC+}
rCold    + . .     Gourm    .   (no shield)
rNeg     + . .     Faith    .   n - +3 chain mail
rPois    ∞         Spirit   .   x - +1 hat {Int+3}
rElec    +         Reflect  .   (no cloak)
rCorr    .         Harm     .   (no gloves)
MR       .....     NoTele   +   (no boots)
Stlth    ..........             (no amulet)
HPRegen  0.26/turn              o - +3 ring of evasion
MPRegen  0.13/turn              r - +3 ring of protection

@: berserk cooldown, slowed, very slow
A: negative energy resistance 1, electricity resistance, unbreathing,
petrification resistance, rot immunity, AC +9
a: Berserk, Trog's Hand, Brothers in Arms, Renounce Religion


You were in the Dungeon.
You worshipped Trog.
Trog was exalted by your worship.
You were hungry.

You visited 1 branch You collected 10 gold pieces.

Inventory:

Hand Weapons
 m - a +3 antimagic battleaxe
 s - a +1 broad axe of freezing
 t - a +1 battleaxe of venom
 v - the +5 hand axe "Tarchokukk" (weapon) {elec, rC+}
   (Trog gifted it to you in the Dungeon)

   Occasionally, upon striking a foe, it will discharge some electrical energy
   and cause terrible harm.
   It protects you from cold.
 B - a +2 executioner's axe of chopping
Armour
 n - a +3 chain mail (worn)
 x - a +1 hat of intelligence (worn)
Jewellery
 o - a +3 ring of evasion (left hand)
 r - a +3 ring of protection (right hand)
 z - an uncursed ring of positive energy
 A - an uncursed ring of protection from cold
Scrolls
 b - 6 scrolls of enchant armour
 i - 2 scrolls of blinking
 j - a scroll of identify
 k - 5 scrolls of remove curse
 l - a scroll of summoning
 u - 2 scrolls of enchant weapon
Potions
 a - 2 potions of invisibility
 d - 7 potions of curing
 e - 18 potions of heal wounds
 f - 5 potions of haste
 g - 4 potions of magic
 h - 7 potions of berserk rage
 p - 3 potions of brilliance
 q - a potion of might
Comestibles
 c - 9 rations


   Skills:
 + Level 19.4 Fighting
 + Level 18.0 Axes
 + Level 16.7 Armour
 + Level 10.0 Dodging
 + Level 3.3 Stealth


You had 12 spell levels left.
You didn't know any spells.
Your spell library was empty.

Dungeon Overview and Level Annotations

Branches:
Dungeon (1/1)

Altars:
Ashenzari
Cheibriados
Dithmenos
Elyvilon
Fedhas
Gozag
Hepliaklqana
Kikubaaqudgha
Makhleb
Nemelex Xobeh
Okawaru
Qazlal
Ru
Sif Muna
Trog
Uskayaw
Vehumet
Wu Jian
Xom
Yredelemnul
Zin
The Shining One
Beogh
Jiyva
Lugonu


Innate Abilities, Weirdness & Mutations

You are resistant to torment.
Your stone body is resilient. (AC +9)
You are immune to poison.
You resist negative energy. (rN+)
You are resistant to electric shocks. (rElec)
You can survive without breathing.
You are immune to petrification.
You are immune to rotting.


Message History

You completely miss something.
You hear some strange, mumbled words.
An iron shot appears from out of thin air!
The iron shot hits you!
You hit something but do no damage.
You hear some strange, mumbled words.
You hit something but do no damage. You closely miss the balrug.
Something touches you but does no damage.
The balrug gestures at you. The sticky flame misses you.
The sticky flame hits something.
The ancient lich is covered in liquid flames!
You are feeling hungry.
You hit the ancient lich.
The ancient lich is almost destroyed.
You hit the balrug.
The ancient lich burns!
The balrug hits you but does no damage. The ancient lich casts a spell at you.
The iron shot hits you!
Ouch! That really hurt!
You die...

#+# #.# #L# #@#
#2# #.# #'# #)#
#'# #(# #'#
################'#


You could see an ancient lich (burning) and a balrug.

Vanquished Creatures
  An ancient lich (D)
  Gastronok (D)
  A nagaraja (D)
  A stone giant (D)
  2 hydras (D)
  An orc high priest (D)
  Nergalle (D)
  A sea snake (D)
  A deep troll (D)
  A swamp dragon (D)
  An orc knight (D)
  2 deep elf magi (D)
  An orc sorcerer (D)
  3 cyclopes (D)
  A smoke demon (D)
  A molten gargoyle (D)
  A rust devil (D)
  An orange demon (D)
  A kobold demonologist (D)
  A komodo dragon (D)
  An ice devil (D)
  3 trolls (D)
  A wandering mushroom (D)
  A jumping spider (D)
  A red devil (D)
  4 blink frogs (D)
  A hippogriff (D)
  3 dream sheep (D)
  2 vampire mosquitoes (D)
  An orc warrior (D)
  A floating eye (D)
  A small abomination (D)
  A phantom (D)
  An ice beast (D)
  A black bear (D)
  A wolf (D)
  An ogre (D)
  A centaur (D)
  A crocodile (D)
  A bullfrog (D)
  3 wights (D)
  A crimson imp (D)
  A hound (D)
  An iron imp (D)
  An orc priest (D)
  An iguana (D)
  4 orc wizards (D)
  2 mummies (D)
  A gnoll (D)
  2 adders (D)
  2 river rats (D)
  2 ufetubi (D)
  2 oozes (D)
  9 orcs (D)
  A bat zombie (D)
  2 quokkas (D)
  A ball python (D)
  A ball python skeleton (D)
  3 bats (D)
  A jackal simulacrum (D)
  A leopard gecko zombie (D)
94 creatures vanquished.

Vanquished Creatures (collateral kills)
  A curse toe (D)
  An ugly thing (D)
  A blink frog (D)
  3 dream sheep (D)
  A snapping turtle (D)
  An acid dragon (D)
  2 orcs (D)
10 creatures vanquished.

Vanquished Creatures (others)
  A kobold demonologist (D)
1 creature vanquished.

Grand Total: 105 creatures vanquished

Notes
Turn   | Place    | Note
-------+----------+-------------------------------------------
     0 | D        | Fang the Gargoyle Berserker began the quest for the Orb.
     0 | D        | Reached XP level 1. HP: 14/14 MP: 1/1
    25 | D        | Found a bloodstained altar of Trog.
    25 | D        | Found a deep blue altar of Sif Muna.
    25 | D        | Found a viscous altar of Jiyva.
    25 | D        | Found a hazy altar of Hepliaklqana.
    25 | D        | Found an opulent altar of Gozag.
    26 | D        | Found a glowing golden altar of the Shining One.
    26 | D        | Found a glowing silver altar of Zin.
    26 | D        | Found a basalt altar of Yredelemnul.
    26 | D        | Found a shimmering altar of Xom.
    26 | D        | Found an ornate altar of the Wu Jian Council.
    26 | D        | Found a sacrificial altar of Ru.
    26 | D        | Found a stormy altar of Qazlal.
    26 | D        | Found an iron altar of Okawaru.
    26 | D        | Found a sparkling altar of Nemelex Xobeh.
    26 | D        | Found a burning altar of Makhleb.
    26 | D        | Found a blossoming altar of Fedhas.
    26 | D        | Found a white marble altar of Elyvilon.
    26 | D        | Found a shadowy altar of Dithmenos.
    26 | D        | Found a snail-covered altar of Cheibriados.
    28 | D        | Found a radiant altar of Vehumet.
    28 | D        | Found a corrupted altar of Lugonu.
    28 | D        | Found a roughly hewn altar of Beogh.
    76 | D        | Reached ** piety under Trog
    78 | D        | Noticed a floating eye
    79 | D        | Paralysed by a floating eye for 4 turns
    84 | D        | Reached skill level 4 in Fighting
    84 | D        | Reached XP level 2. HP: 14/20 MP: 2/2
    86 | D        | Killed a floating eye
    86 | D        | Reached skill level 6 in Fighting
    86 | D        | Reached skill level 5 in Axes
    86 | D        | Reached XP level 3. HP: 20/28 MP: 3/3
    86 | D        | Reached XP level 4. HP: 23/32 MP: 4/4
   236 | D        | Noticed a bullfrog
   242 | D        | Reached *** piety under Trog
   252 | D        | Killed a bullfrog
   252 | D        | Reached skill level 7 in Fighting
   252 | D        | Reached XP level 5. HP: 23/39 MP: 5/5
   535 | D        | Noticed a phantom
   555 | D        | Reached **** piety under Trog
   555 | D        | Reached skill level 8 in Fighting
   557 | D        | Killed a phantom
   557 | D        | Reached XP level 6. HP: 34/45 MP: 6/6
   558 | D        | Reached skill level 9 in Fighting
   616 | D        | Received a gift from Trog
   624 | D        | Reached ***** piety under Trog
   632 | D        | Noticed an ice beast
   639 | D        | Received a gift from Trog
   644 | D        | Reached skill level 5 in Armour
   644 | D        | Reached XP level 7. HP: 28/51 MP: 7/7
   649 | D        | Reached skill level 5 in Dodging
   928 | D        | Noticed an orc knight
   936 | D        | Reached skill level 10 in Fighting
   939 | D        | Reached skill level 10 in Axes
   940 | D        | Killed an orc knight
   940 | D        | Reached skill level 11 in Fighting
   940 | D        | Reached XP level 8. HP: 48/60 MP: 8/8
  1165 | D        | Found a hide-covered altar of Uskayaw.
  1165 | D        | Found an ancient bone altar of Kikubaaqudgha.
  1165 | D        | Found a shattered altar of Ashenzari.
  1186 | D        | Noticed an orc high priest
  1186 | D        | Noticed a troll
  1187 | D        | Noticed an orc sorcerer
  1191 | D        | Reached ****** piety under Trog
  1192 | D        | Killed a troll
  1192 | D        | Noticed a smoke demon
  1194 | D        | Received a gift from Trog
  1196 | D        | Killed an orc high priest
  1196 | D        | Reached skill level 12 in Fighting
  1196 | D        | Reached XP level 9. HP: 65/65 MP: 9/9
  1198 | D        | Killed an orc sorcerer
  1257 | D        | Noticed a kobold demonologist
  1259 | D        | Noticed a swamp dragon
  1260 | D        | Noticed a smoke demon
  1263 | D        | Killed a kobold demonologist
  1269 | D        | Killed a swamp dragon
  1269 | D        | Reached skill level 13 in Fighting
  1345 | D        | Noticed a sea snake
  1358 | D        | Killed a sea snake
  1358 | D        | Received a gift from Trog
  1358 | D        | Reached XP level 10. HP: 40/73 MP: 10/10
  1508 | D        | Noticed a deep troll
  1518 | D        | Killed a deep troll
  1520 | D        | Received a gift from Trog
  1525 | D        | Got an ancient hand axe {god gift}
  1526 | D        | Identified the +5 hand axe "Tarchokukk" {elec, rC+} (Trog
                  | gifted it to you in the Dungeon)
  1635 | D        | Reached skill level 10 in Armour
  1682 | D        | Noticed a four-headed hydra
  1686 | D        | Received a gift from Trog
  1697 | D        | Killed an 11-headed hydra
  1697 | D        | Reached skill level 14 in Fighting
  1703 | D        | Reached skill level 15 in Axes
  1774 | D        | Noticed a molten gargoyle
  1777 | D        | Noticed a cyclops
  1787 | D        | Killed a molten gargoyle
  1787 | D        | Received a gift from Trog
  1801 | D        | Killed a cyclops
  1801 | D        | Reached XP level 11. HP: 41/80 MP: 11/11
  1961 | D        | Noticed a deep elf mage
  1988 | D        | Killed a deep elf mage
  2145 | D        | Noticed Gastronok
  2154 | D        | Received a gift from Trog
  2155 | D        | Reached skill level 15 in Fighting
  2158 | D        | Noticed a cyclops
  2160 | D        | Received a gift from Trog
  2166 | D        | Noticed a deep elf mage
  2176 | D        | Received a gift from Trog
  2179 | D        | Killed Gastronok
  2179 | D        | Reached skill level 16 in Fighting
  2179 | D        | Reached skill level 1 in Stealth
  2181 | D        | Killed a deep elf mage
  2181 | D        | Received a gift from Trog
  2192 | D        | Killed a cyclops
  2203 | D        | Received a gift from Trog
  2205 | D        | Noticed a brown ugly thing
  2210 | D        | Killed a brown ugly thing
  2570 | D        | Received a gift from Trog
  2573 | D        | Reached XP level 12. HP: 66/90 MP: 12/12
  2794 | D        | Noticed Nergalle
  2804 | D        | Killed Nergalle
  2804 | D        | Received a gift from Trog
  2804 | D        | Reached skill level 17 in Fighting
  2920 | D        | Noticed a seven-headed hydra
  2928 | D        | Received a gift from Trog
  2939 | D        | Killed a 20-headed hydra
  3248 | D        | Noticed a curse toe
  3253 | D        | Killed a curse toe
  3253 | D        | Reached skill level 18 in Fighting
  3253 | D        | Reached skill level 15 in Armour
  3330 | D        | Noticed a stone giant
  3342 | D        | Killed a stone giant
  3564 | D        | Noticed an ancient lich
  3582 | D        | Killed an ancient lich
  3582 | D        | Received a gift from Trog
  3582 | D        | Reached skill level 19 in Fighting
  3582 | D        | Reached XP level 13. HP: 100/100 MP: 13/13
  3784 | D        | Noticed a nagaraja
  3795 | D        | Killed a nagaraja
  3795 | D        | Reached skill level 10 in Dodging
  3913 | D        | Noticed an ancient lich
  3950 | D        | Noticed a balrug
  3951 | D        | Killed from afar by an ancient lich

Vault maps used:
D:        pitsprint

Skill      XL: |  1  2  3  4  5  6  7  8  9 10 11 12 13 |
---------------+----------------------------------------+-----
Axes           | 3 5 7 8 9 11 12 14 15 16 17 18 | 18.0
Fighting       | 4 6 7 8 9 11 12 13 14 16 19 | 19.4
Armour         | 3 4 5 6 7 9 11 14 16 | 16.7
Dodging        | 3 4 6 7 8 9 10 | 10.0
Stealth        | 1 3 |  3.3

Action                   |  1- 3 |  4- 6 |  7- 9 | 10-12 | 13-15 || total
-------------------------+-------+-------+-------+-------+-------++-------
Melee: Hand axe          |    14 |    51 |    28 |   195 |    46 ||   334
       Battleaxe         |       |       |    20 |    12 |       ||    32
Invok: Berserk           |     1 |     2 |     3 |     7 |     2 ||    15
       Brothers in Arms  |       |       |       |     3 |       ||     3
  Use: Potion            |       |       |       |     2 |       ||     2
  Eat: Ration            |       |       |     1 |       |     1 ||     2
       Chunk             |       |       |     4 |    13 |       ||    17
Armor: Animal skin       |    10 |     9 |       |       |       ||    19
       Chain mail        |       |    24 |    18 |   127 |     9 ||   178
Dodge: Dodged            |    20 |    33 |    32 |   149 |     4 ||   238

Table legend:
 A = Non-vault XP
 B = Vault XP
 C = Vault XP percentage of total XP
 D = Non-vault monster count
 E = Vault monster count
 F = Vault count percentage of total count
                 A         B        C        D         E       F
            +---------+---------+-------+---------+---------+-------
      Total |       0 |   35436 | 100.0 |       0 |     105 | 100.0
            +---------+---------+-------+---------+---------+-------
          D |       0 |   35436 | 100.0 |       0 |     105 | 100.0
            +---------+---------+-------+---------+---------+-------
